 Dungeon Crawl Stone Soup version 0.31.0-1-g2c135a008e (webtiles) character file.

Game seed: 8469880190436637225

250 qw the Shooter (level 6, -4/46 HPs)
             Began as a Djinni Hunter on Jan 23, 2024.
             Slain by an ogre
             ... wielding a +0 giant club
              (24 damage)
             ... on level 3 of the Dungeon.
             The game lasted 00:00:06 (1618 turns).

qw the Shooter (Djinni Hunter)                      Turns: 1618, Time: 00:00:07

Health: -4/46      AC:  7    Str: 10    XL:     6   Next: 35%
Gold:   76         EV: 11    Int: 11    God:
                   SH:  0    Dex: 18

rFire   + + .        a - +0 shortbow (freeze)
rCold   x . .        (shield currently unavailable)
rNeg    . . .        j - +0 ring mail
rPois   inf          g - +0 helmet
rElec   .            (no cloak)
rCorr   .            (no gloves)
SInv    .            (boots unavailable)
Will    +....        (no amulet)
Stlth   +            k - ring of willpower
HPRegen 0.27/turn    (no ring)
MPRegen 0.00/turn

%: infuse magic (-5 HP)
@: flying
A: sickness immunity, fire resistance 2, cold vulnerability 1, float, innate
caster, HP casting, extra vitality 1
a: no special abilities


You were on level 3 of the Dungeon.
You visited 1 branch of the dungeon, and saw 3 of its levels.

You collected 76 gold pieces.


Innate Abilities, Weirdness & Mutations

You are immune to sickness and miasma.
You are immune to poison.
Your flesh is very heat resistant. (rF++)
You are vulnerable to cold. (rC-)
You float through the air rather than walking.
You learn spells naturally, not from books.
Your magical power is your life essence.
You have superior vitality. (+4 MHP)


   Skills:
 - Level 3.0 Fighting
 + Level 4.0 Ranged Weapons
 - Level 4.0 Armour
 - Level 3.0 Dodging
 - Level 0.7 Stealth


You knew the following spells:

 Your Spells              Type           Power      Damage    Failure   Level
a - Sandblast             Erth           0%         2d4       65%         1
b - Searing Ray           Conj           0%         2d4       78%         2
Your spell library was empty.

Inventory:

Hand Weapons
 a - a +0 shortbow of freezing (weapon)
Armour
 g - a +0 helmet (worn)
 j - a +0 ring mail (worn)
Jewellery
 k - a ring of willpower (left hand)
Potions
 d - a potion of heal wounds
 e - a potion of curing
 h - a potion of cancellation {unknown}

Dungeon Overview and Level Annotations

Branches:
Dungeon (3/15)

Altars:


Message History

You kill the goblin!
You shoot an arrow. The arrow hits the endoplasm.
The arrow freezes the endoplasm.
The endoplasm is moderately wounded.
You shoot an arrow. The arrow barely misses the ogre.
The ogre closely misses you.
You shoot an arrow. The arrow hits the ogre.
The arrow freezes the ogre.
The ogre is moderately wounded.
The ogre completely misses you.
You shoot an arrow.
The arrow hits the ogre but does no damage.
The ogre is moderately wounded.
The ogre closely misses you.
You shoot an arrow. The arrow hits the ogre.
The arrow freezes the ogre.
The ogre is heavily wounded.
You shoot an arrow.
The arrow hits the ogre but does no damage.
The ogre is heavily wounded.
The ogre hits you with a +0 giant club!
You shoot an arrow. The arrow hits the ogre.
The arrow freezes the ogre.
The ogre is heavily wounded.
The ogre hits you with a +0 giant club!
You shoot an arrow.
The arrow hits the ogre but does no damage.
The ogre is heavily wounded.
The ogre hits you with a +0 giant club.
You shoot an arrow.
The arrow hits the ogre but does no damage.
The ogre is heavily wounded.
The ogre hits you with a +0 giant club!
You shoot an arrow.
The arrow hits the ogre but does no damage.
The ogre is heavily wounded.
The ogre closely misses you.
You shoot an arrow.
The arrow hits the ogre but does no damage.
The ogre is heavily wounded.
The ogre hits you with a +0 giant club!!
Ouch! That really hurt!
You die...

#........ ##
#.......
.###...?..
.#....... #####
.. #.w.) #...#
.###BJg
#'#.##....#O#
##.##.[...##@##
##...##<..##...##
#.....##+##.....#
##...##...##...##
##.##.....##)##
#''.......+'#
#(##.....##.##
#...##...##...##
#.... ##'##.....#


You could see an ogre, a ribbon worm, an endoplasm, a giant cockroach and a
hobgoblin.

Vanquished Creatures
  Sigmund (D:3)
  3 adders
  4 dart slugs (D:2)
  A ribbon worm (D:2)
  5 ball pythons
  4 bats
  7 endoplasms
  A giant cockroach (D:1)
  9 goblins
  6 hobgoblins
  3 quokkas
  6 frilled lizards
  4 kobolds
  A rat (D:1)
55 creatures vanquished.

Notes
Turn   | Place    | Note
-------+----------+-------------------------------------------
     0 | D:1      | qw the Djinni Hunter began the quest for the Orb.
     0 | D:1      | Reached XP level 1. HP: 18/18 MP: 0/0
     0 | D:1      | 0 ||| qw: Version: 0.3-a-136-gdd3b4e8
     0 | D:1      | 0 ||| qw: Game counter: 1160
     0 | D:1      | 0 ||| qw: Melee chars always use a shield: true
     0 | D:1      | 0 ||| qw: God list: Okawaru
     0 | D:1      | 0 ||| qw: Allow faded altars: false
     0 | D:1      | 0 ||| qw: Do Orc after clearing Dungeon:15 true
     0 | D:1      | 0 ||| qw: Do second Lair branch before Depths: true
     0 | D:1      | 0 ||| qw: Lair rune preference: random
     0 | D:1      | 0 ||| qw: Goals: Normal
     0 | D:1      | 0 ||| PLANNING D:1-11
    87 | D:1      | Reached XP level 2. HP: 23/23 MP: 0/0
   257 | D:1      | Reached XP level 3. HP: 16/28 MP: 0/0
   257 | D:1      | Learned a level 1 spell: Sandblast
   815 | D:1      | 815 ||| UPGRADING to +0 helmet.
   820 | D:1      | 820 ||| READING scroll labelled DOFUEP ICOISH.
   921 | D:1      | 921 ||| READING scroll labelled HAWUFI BEHOHE.
   921 | D:1      | 921 ||| BRANDING +0 shortbow.
   922 | D:1      | 922 ||| READING scroll labelled JEYGHU XEEDO.
   923 | D:1      | 923 ||| READING scroll labelled TOOFFU KIPEITS.
   927 | D:1      | 927 ||| DRINKING 2 bubbling amethyst potions.
   928 | D:1      | 928 ||| DROPPING scroll of butterflies.
   960 | D:2      | Identified the +7 whip of Action {spect, Str+2 Dex+3}
  1024 | D:2      | Reached skill level 3 in Fighting
  1024 | D:2      | Reached XP level 4. HP: 35/35 MP: 0/0
  1320 | D:2      | Reached skill level 3 in Dodging
  1368 | D:2      | 1368 ||| UPGRADING to +0 ring mail.
  1378 | D:2      | 1378 ||| DROPPING +0 leather armour.
  1379 | D:2      | 1379 ||| UPGRADING to ring of willpower.
  1380 | D:2      | 1380 ||| READING 2 scrolls labelled ADARITY LASUR.
  1380 | D:2      | 1380 ||| IDENTIFYING pink potion
  1381 | D:2      | 1381 ||| READING scroll of identify.
  1381 | D:2      | 1381 ||| IDENTIFYING yellow potion
  1382 | D:2      | 1382 ||| READING scroll labelled CUEXUT PARUAL.
  1444 | D:2      | 1444 ||| READING scroll labelled JIN MOUHAZANA.
  1445 | D:2      | 1445 ||| READING scroll labelled NOMER ETUPNACHALL.
  1446 | D:2      | 1446 ||| DRINKING 2 sedimented white potions.
  1447 | D:2      | 1447 ||| DROPPING potion of ambrosia.
  1448 | D:2      | 1448 ||| DROPPING potion of attraction.
  1471 | D:3      | 1471 ||| STAIRDANCE
  1481 | D:3      | 1481 ||| STAIRDANCE
  1591 | D:3      | Noticed Sigmund
  1596 | D:3      | Killed Sigmund
  1597 | D:3      | Reached XP level 5. HP: 40/40 MP: 0/0
  1597 | D:3      | Learned a level 2 spell: Searing Ray
  1597 | D:3      | Reached XP level 6. HP: 46/46 MP: 0/0
  1603 | D:3      | Noticed an ogre
  1618 | D:3      | Slain by an ogre

Levels and vault maps discovered:
D:1:      hellmonk_arrival_library, layout_basic, serial_bayou_pond_a
D:2:      layout_rooms
D:3:      layout_rooms, dilly_ecumenical_altar_fadedgnrine,
          nicolae_hexahallways, minmay_statues_item, uniq_robin, uniq_sigmund

Skill      XL: |  1  2  3  4 |
---------------+-------------+-----
Ranged Weapons | 4 |  4.0
Fighting       | 3 |  3.0
Dodging        | 3 |  3.0
Armour         | 4 |  4.0
Stealth        | |  0.7

Action                     |  1- 3 |  4- 6 || total
---------------------------+-------+-------++-------
   Fire: Shortbow          |    76 |    72 ||   148
    Use: Scroll            |     4 |     5 ||     9
         Potion            |     1 |     1 ||     2
 Armour: Leather armour    |    14 |     1 ||    15
         Ring mail         |       |    27 ||    27
  Dodge: Dodged            |    19 |    34 ||    53

Table legend:
 A = Non-vault XP
 B = Vault XP
 C = Vault XP percentage of total XP
 D = Non-vault monster count
 E = Vault monster count
 F = Vault count percentage of total count
                 A         B        C        D         E       F
            +---------+---------+-------+---------+---------+-------
      Total |     128 |     230 |  64.2 |      50 |       5 |   9.1
            +---------+---------+-------+---------+---------+-------
        D:1 |      44 |       0 |   0.0 |      27 |       0 |   0.0
        D:2 |      71 |       6 |   7.8 |      22 |       3 |  12.0
        D:3 |      13 |     224 |  94.5 |       1 |       2 |  66.7
            +---------+---------+-------+---------+---------+-------
